 Dungeon Crawl Stone Soup version 0.26-a0-639-g72c4674329 (webtiles) character file.

Game seed: 2028071729389690337

564 ecole the Cudgeler (level 7, -2/67 HPs)
             Began as a Troll Berserker on Sept 26, 2020.
             Was a Priest of Trog.
             Slain by a gnoll sergeant
             ... wielding a +1 vampiric trident
              (5 damage)
             ... on level 5 of the Dungeon.
             The game lasted 00:29:01 (2592 turns).

ecole the Cudgeler (Troll Berserker)                Turns: 2592, Time: 00:29:02

Health: -2/67      AC:  6    Str: 27    XL:     7   Next: 10%
Magic:  6/6        EV: 15    Int: -1    God:    Trog [***...]
Gold:   158        SH:  0    Dex: 10    Spells: 6/6 levels left

rFire    . . .     SeeInvis .   n - +3 mace (vorpal)
rCold    . . .     Faith    .   (no shield)
rNeg     . . .     Spirit   .   g - +0 robe
rPois    .         Reflect  .   (helmet restricted)
rElec    .         Harm     .   (no cloak)
rCorr    .         Rampage  .   (gloves unavailable)
MR       .....                  (boots unavailable)
Stlth    +.........             (no amulet)
HPRegen  0.61/turn              a - +4 ring of evasion (curse)
MPRegen  0.10/turn              j - -4 ring of intelligence (curse)

@: slowed, lost intelligence, very slow
A: large, unfitting armour, claws 3, regeneration 1, shaggy fur 1, tough skin 3
a: Berserk, Trog's Hand, Renounce Religion


You were on level 5 of the Dungeon.
You worshipped Trog.
Trog was most pleased with you.
You visited 1 branch of the dungeon, and saw 5 of its levels.

You collected 158 gold pieces.

Inventory:

Hand Weapons
 i - a +0 shortbow
 n - a +3 vorpal mace (weapon)
Missiles
 d - 24 arrows
 k - 2 throwing nets (quivered)
Armour
 g - a +0 robe (worn)
Jewellery
 a - a cursed +4 ring of evasion (left claw)
 c - an uncursed ring of positive energy
 h - an uncursed ring of see invisible {unknown}
 j - a cursed -4 ring of intelligence (right claw)
Potions
 e - 2 potions of haste {unknown}
 f - a potion of stabbing {unknown}
 m - a potion of cancellation {unknown}


   Skills:
 + Level 3.6 Fighting
   Level 0.7 Long Blades
 + Level 4.9 Maces & Flails
 + Level 4.7 Dodging
 + Level 0.2 Stealth


You had 6 spell levels left.
You didn't know any spells.
Your spell library was empty.

Dungeon Overview and Level Annotations

Branches:
Dungeon (5/15)
 Temple: D:4-7

Altars:
Ru

Shops:
D:5 ?


Innate Abilities, Weirdness & Mutations

You are too large for most types of armour.
You have claws for hands.
Your natural rate of healing is unusually fast.
You are covered in fur. (AC +1)
You have extremely tough skin. (AC +3)


Message History

The gnoll sergeant hits you with a +1 vampiric trident.
The gnoll sergeant draws strength from your wounds!
The gnoll hits you!
* * * LOW HITPOINT WARNING * * *
The gnoll misses you. The gnoll closely misses you.
The gnoll sergeant misses you.
You thump the gnoll!
The gnoll is almost dead.
The gnoll closely misses you. The gnoll misses you.
The gnoll sergeant hits you with a +1 vampiric trident!
* * * LOW HITPOINT WARNING * * *
The gnoll sergeant draws strength from your wounds!
The gnoll hits you with a +0 club.
* * * LOW HITPOINT WARNING * * *
Unknown command.
You barely miss the gnoll.
The gnoll is almost dead.
The gnoll misses you.
The gnoll sergeant hits you with a +1 vampiric trident.
You die...

'............##
###########...#
# #.#.## #
...#..# #
(......#.## #
#.....#.#..# #
#.....#..#.## #
#.....##g#gg# #
#..... #Z.#@##
# . .....#g.#
........#.#
.......) .#
........ .#
...$...# .#
....... .#
...... >#
...... .#


You could see a gnoll sergeant and 2 gnolls.

Vanquished Creatures
  A hippogriff (D:3)
  A phantom (D:5)
  An orc priest (D:3)
  A hound (D:4)
  A centaur skeleton (D:5)
  Ijyb (D:3)
  Terence (D:3)
  A worker ant (D:5)
  A gnoll (D:5)
  2 adders
  A shadow imp (D:5)
  2 white imps (D:5)
  An ooze (D:2)
  An adder zombie (D:5)
  2 worms (D:2)
  A leopard gecko (D:5)
  8 orcs
  A giant cockroach (D:1)
  7 goblins
  6 hobgoblins
  6 jackals (D:2)
  9 kobolds
  2 ball pythons
  8 bats
  2 frilled lizards
  8 rats
76 creatures vanquished.

Notes
Turn   | Place    | Note
-------+----------+-------------------------------------------
     0 | D:1      | ecole the Troll Berserker began the quest for the Orb.
     0 | D:1      | Reached XP level 1. HP: 22/22 MP: 0/0
   314 | D:1      | Reached XP level 2. HP: 29/29 MP: 1/1
   422 | D:2      | Reached ** piety under Trog
   438 | D:2      | Reached XP level 3. HP: 20/36 MP: 2/2
   821 | D:3      | Lost intelligence.
   864 | D:3      | Reached XP level 4. HP: 27/44 MP: 3/3
   890 | D:3      | Noticed a hippogriff
   892 | D:3      | Noticed Ijyb
   896 | D:3      | Killed a hippogriff
   896 | D:3      | Reached XP level 5. HP: 52/53 MP: 4/4
   913 | D:3      | Killed Ijyb
   913 | D:3      | Reached XP level 6. HP: 39/61 MP: 5/5
   950 | D:3      | Noticed Terence
   967 | D:3      | Killed Terence
  1736 | D:3      | Reached *** piety under Trog
  1982 | D:4      | Found a sacrificial altar of Ru.
  2082 | D:5      | Entered Level 5 of the Dungeon
  2208 | D:5      | Reached XP level 7. HP: 26/67 MP: 6/6
  2259 | D:5      | Found Vegreh's Magic Scroll Emporium.
  2591 | D:5      | HP: 3/67 [gnoll sergeant/+1 vampiric trident (11)]
  2592 | D:5      | Slain by a gnoll sergeant

Illustrated notes

Levels and vault maps discovered:
D:1:      lemuel_arrival_behind_the_door_large, layout_basic
D:2:      layout_rooms, xom_teletrap_fun, chequers_serial_rivers_room_a
D:3:      layout_rooms, uniq_terence, uniq_ijyb
D:4:      layout_loops_corners, kennysheep_little_box, serial_shops,
          kennysheep_mini_moat, fedhas_altar_4
D:5:      layout_basic, hangedman_abyss_or_decor_stabs, kennysheep_windowed_goal

Skill      XL: |  1  2  3  4  5 |
---------------+----------------+-----
Maces & Flails | 3 4 |  4.9
Dodging        | 3 4 |  4.7
Fighting       | 3 |  3.6
Long Blades    | |  0.7
Stealth        | |  0.2

Action                   |  1- 3 |  4- 6 |  7- 9 || total
-------------------------+-------+-------+-------++-------
Melee: Mace              |   118 |    72 |    39 ||   229
       Long sword        |     5 |    29 |       ||    34
Invok: Berserk           |     2 |     3 |       ||     5
       Trog's Hand       |       |     1 |       ||     1
  Use: Scroll            |     1 |       |       ||     1
Armor: Animal skin       |   177 |       |       ||   177
       Robe              |     6 |    41 |    15 ||    62
Dodge: Dodged            |   182 |   152 |    81 ||   415
       Rpst.: Long sword |       |    13 |       ||    13

Table legend: (Time is in decaauts)
 A = Elapsed time spent in this place.
 B = Non-inter-level travel time spent in this place.
 C = Inter-level travel time spent in this place.
 D = Time resting spent in this place.
 E = Time spent auto-exploring this place.
 F = Levels seen in this place.
 G = Mean time per level.
                   A        B        C        D        E       F      G
               +--------+--------+--------+--------+--------+-----+--------+
         Total |   3538 |   3528 |     10 |    192 |      0 |   5 |  707.6 |
       Dungeon |   3538 |   3528 |     10 |    192 |      0 |   5 |  707.6 |
               +--------+--------+--------+--------+--------+-----+--------+

Top non-repeatable levels by time:
     D:1: 1083 daAuts
     D:5: 779 daAuts
     D:2: 652 daAuts
     D:3: 539 daAuts
     D:4: 484 daAuts
